 Dungeon Crawl Stone Soup version 0.30-a0-168-g0b976cbdc4 (webtiles) character file.

Game seed: 12920686565589493716

51022 qw the Severer (level 14, -3/92 HPs)
             Began as a Gargoyle Fighter on Sept 29, 2022.
             Was an Elder of Okawaru.
             Slain by a slime creature (6 damage)
             ... on level 12 of the Dungeon.
             The game lasted 00:08:04 (20209 turns).

qw the Severer (Gargoyle Fighter)                  Turns: 20209, Time: 00:08:04

Health: -3/92      AC: 39    Str: 32    XL:     14   Next: 57%
Magic:  21/21      EV: 12    Int: 11    God:    Okawaru [****..]
Gold:   1299       SH:  7    Dex: 15    Spells: 13/13 levels left

rFire   + + .      SeeInvis .    Y - +3 war axe
rCold   + + .      Faith    .    c - +0 buckler
rNeg    + + .      Spirit   .    t - +2 plate armour
rPois   inf        Reflect  .    k - +2 helmet
rElec   +          Harm     .    z - +2 cloak
rCorr   .          Rampage  .    (no gloves)
Will    +....                    s - +1 pair of boots "Acsuc Xoj" {rPois rN+ Str+3}
Stlth   ..........               m - amulet of the acrobat
HPRegen 0.25/turn                b - ring "Guxzipp" {rElec rF+ rC++ Str+6}
MPRegen 0.17/turn                l - ring "Opiz" {rElec rF+ Dex+6 Stlth+}

@: about to teleport, heroic, flying
A: sickness immunity, AC +10, big wings, negative energy resistance 1,
electricity resistance, torment resistance 1, petrification resistance
a: Renounce Religion, Heroism, Finesse


You were on level 12 of the Dungeon.
You worshipped Okawaru.
Okawaru was greatly pleased with you.
You visited 3 branches of the dungeon, and saw 18 of its levels.

You collected 1299 gold pieces.


Innate Abilities, Weirdness & Mutations

You are immune to sickness and miasma.
Your stone body is resilient. (AC +10)
You are immune to poison.
Your large and strong wings let you fly.
You resist negative energy. (rN+)
You are resistant to electric shocks. (rElec)
You are resistant to unholy torment.
You are immune to petrification.


   Skills:
 - Level 12.0(17.0) Fighting
 - Level 15.2(20.2) Axes
 - Level 5.0(10.0) Throwing
 + Level 10.5(15.5) Armour
 - Level 4.0(9.0) Dodging
 - Level 7.3(12.3) Shields
 - Level 10.1 Invocations


You had 13 spell levels left.
You didn't know any spells.
Your spell library was empty.

Inventory:

Hand Weapons
 n - a +0 morningstar
 Y - a +3 war axe (weapon)
Missiles
 x - 4 boomerangs
 y - 6 javelins (quivered)
Armour
 c - a +0 buckler (worn)
 k - a +2 helmet (worn)
 s - the +1 pair of boots "Acsuc Xoj" (worn) {rPois rN+ Str+3}
   (You found it on level 9 of the Dungeon)

   Str:       It affects your strength (+3).
   rPois:     It protects you from poison.
   rN:        It protects you from negative energy.
 t - a +2 plate armour (worn)
 u - +0 acid dragon scales
 v - the +7 Kryia's mail coat {PotionHeal*2 rC+}
   (Okawaru gifted it to you on level 5 of the Lair of Beasts)

   Potions are twice as effective at healing its wearer.
   rC:        It protects you from cold.
 z - a +2 cloak (worn)
Jewellery
 b - the ring "Guxzipp" (left hand) {rElec rF+ rC++ Str+6}
   (You found it on level 5 of the Dungeon)

   [ring of strength]

   Str:       It affects your strength (+6).
   rF:        It protects you from fire.
   rC:        It greatly protects you from cold.
   rElec:     It insulates you from electricity.
 l - the ring "Opiz" (right hand) {rElec rF+ Dex+6 Stlth+}
   (You found it on level 3 of the Dungeon)

   [ring of dexterity]

   Dex:       It affects your dexterity (+6).
   rF:        It protects you from fire.
   rElec:     It insulates you from electricity.
   Stlth:     It makes you more stealthy.
 m - an amulet of the acrobat (around neck)
 o - a ring of protection from cold
Scrolls
 e - 3 scrolls of teleportation
 q - 10 scrolls of identify
Potions
 a - 5 potions of attraction
 d - 3 potions of might
 f - 2 potions of lignification
 h - a potion of cancellation
 i - 2 potions of resistance
 j - 6 potions of curing
 p - 2 potions of haste
 r - 2 potions of heal wounds
 w - a potion of mutation

Dungeon Overview and Level Annotations

Branches:
Dungeon (12/15)            Temple (1/1) D:7            Lair (5/5) D:8
  Swamp (0/4) Lair:3       Spider (0/4) Lair:2        Slime (0/5) Lair:5
    Orc (0/2) D:11

Altars:
Ashenzari
Cheibriados
Dithmenos
Elyvilon
Fedhas
Gozag
Hepliaklqana
Kikubaaqudgha
Makhleb
Nemelex Xobeh
Okawaru
Qazlal
Ru
Sif Muna
Trog
Uskayaw
Vehumet
Wu Jian
Xom
Yredelemnul
Zin
The Shining One
Jiyva

Shops:
D:7 (

Annotations:
D:3 1 runed translucent door, qw's ghost, amateur GrFi
D:6 3 runed translucent doors, qw's ghost, novice GrFi
Lair:1 3 runed translucent doors, qw's ghost, journeyman GrFi
Lair:5 1 runed translucent door


Message History

Two slime creatures merge to form a large slime creature.
You slash the large slime creature!
The large slime creature is heavily wounded.
You barely miss the large slime creature.
The large slime creature is heavily wounded.
You hit the large slime creature.
The large slime creature is heavily wounded.
Two slime creatures merge to form a very large slime creature.
A large slime creature splits.
You hit the very large slime creature.
The very large slime creature is moderately wounded.
You slice the very large slime creature!!
The very large slime creature is heavily wounded.
You slice the very large slime creature!!
The very large slime creature is heavily wounded.
Two slime creatures merge to form an enormous slime creature.
20205 ||| READING 4 scrolls of teleportation.
As you read the scroll of teleportation, it crumbles to dust.
You feel strangely unstable.
Two slime creatures merge to form a titanic slime creature.
You hit the titanic slime creature.
The titanic slime creature is moderately wounded.
You slash the slime creature! You hit the slime creature.
The slime creature is moderately wounded.
You slice the titanic slime creature!! The titanic slime creature hits you.
You block the slime creature's attack.
You slice the titanic slime creature!!
The titanic slime creature is heavily wounded.
You hit the slime creature. The titanic slime creature hits you.
The slime creature hits you but does no damage.
You slice the titanic slime creature!!
The titanic slime creature is heavily wounded.
You completely miss the slime creature.
You hear an angry buzzing noise.
The titanic slime creature hits you!!!!
Ouch! That really hurt!
The slime creature hits you.
You die...

#........#....### #...
#.....
##....................#
#.....
##...................#
#.....
##..................#
#....#
##..................
.## ##................
##...........$#
##..........##
##../...@J..#
##......J......
##............
##...........
##..........
##........( ##........
##......(


You could see a titanic slime creature and a slime creature.

Vanquished Creatures
  2 catoblepae
  5 hydras
  2 two-headed ogres
  4 death yaks (Lair:4)
  2 boulder beetles
  Urug (D:10)
  Sonja (Lair:3)
  2 goliath frogs (Lair:5)
  Pikel (D:9)
  An ugly thing (D:11)
  2 cyclopes (D:11)
  A manticore (D:8)
  8 black mambas
  3 elephants (Lair:4)
  13 cane toads
  A kobold demonologist (D:10)
  7 komodo dragons
  A rime drake (Lair:2)
  5 polar bears
  3 trolls
  21 blink frogs
  3 tyrant leeches (Lair:5)
  5 dream sheep (Lair:3)
  Grinder (D:6)
  5 slime creatures (D:12)
  Sigmund (D:3)
  A jumping spider (Lair:2)
  5 culicivoras (Lair:2)
  7 wyverns
  2 shadows (D:11)
  45 yaks
  A wraith (D:10)
  5 basilisks
  2 steam dragons (D:8)
  2 redbacks (Lair:2)
  18 vampire mosquitoes
  4 acid dragons
  13 water moccasins
  3 orc warriors
  6 black bears
  2 ice beasts
  3 sky beasts
  6 wolves
  2 phantoms (D:4)
  5 centaurs
  2 lemures (D:9)
  7 kobold brigands
  13 bullfrogs
  A necrophage (D:6)
  A gnoll sergeant (D:11)
  2 scorpions
  3 wights (D:10)
  10 killer bees
  2 electric eels
  7 howler monkeys
  2 centaur zombies (D:4)
  6 orc priests
  A gnoll bouda (D:9)
  A jelly (D:6)
  Jessica (D:2)
  4 iguanas
  9 orc wizards
  5 hell rats (Lair:2)
  3 scorpion zombies (D:4)
  8 ogre zombies (D:11)
  2 hound zombies (D:4)
  3 hound skeletons (D:4)
  Robin (D:2)
  7 adders
  10 gnolls
  2 shadow imps
  3 white imps (D:6)
  An ufetubus (D:5)
  3 adder zombies (D:4)
  2 worms (D:3)
  7 dart slugs
  33 orcs
  7 ball pythons
  4 bats
  10 endoplasms
  4 giant cockroaches
  13 goblins
  8 hobgoblins
  9 jackals
  17 kobolds
  2 quokkas
  4 frilled lizards
  3 goblin skeletons (D:11)
  3 goblin zombies (D:11)
  4 hobgoblin zombies (D:11)
  2 orc skeletons (D:11)
  13 orc zombies (D:11)
  5 rats
  A bush (Lair:2)
504 creatures vanquished.

Vanquished Creatures (others)
  2 orc wizards
  An orc (D:8)
  35 fungi
  83 plants
  10 withered plants
131 creatures vanquished.

Grand Total: 635 creatures vanquished

Notes
Turn   | Place    | Note
-------+----------+-------------------------------------------
     0 | D:1      | qw the Gargoyle Fighter began the quest for the Orb.
     0 | D:1      | Reached XP level 1. HP: 14/14 MP: 1/1
     0 | D:1      | 0 ||| qw: Version: 0.2-a-12-gaebbb33
     0 | D:1      | 0 ||| qw: Game counter: 1130
     0 | D:1      | 0 ||| qw: Always use a shield: true
     0 | D:1      | 0 ||| qw: God list: Okawaru
     0 | D:1      | 0 ||| qw: Allow faded altars: false
     0 | D:1      | 0 ||| qw: Do Orc after D:15 true
     0 | D:1      | 0 ||| qw: Do second Lair branch before Depths: true
     0 | D:1      | 0 ||| qw: Lair rune preference: random
     0 | D:1      | 0 ||| qw: Plans: Normal, Zot:1-4, God:TSO, Crypt, Tomb,
                  | Pan, Slime:5, Hells, Abyss, Orb
     0 | D:1      | 0 ||| PLANNING D:1-11
     8 | D:1      | Found a faded altar of an unknown god.
   101 | D:1      | 101 ||| Stepping ~*~*~tactically~*~*~ (hiding).
   103 | D:1      | 103 ||| Stepping ~*~*~tactically~*~*~ (hiding).
   114 | D:1      | Reached skill level 2 in Axes
   240 | D:1      | Reached XP level 2. HP: 19/19 MP: 2/2
   475 | D:1      | Reached skill level 3 in Axes
   496 | D:1      | 496 ||| Stepping ~*~*~tactically~*~*~ (stealth).
   498 | D:1      | 498 ||| Stepping ~*~*~tactically~*~*~ (stealth).
   500 | D:1      | 500 ||| Stepping ~*~*~tactically~*~*~ (stealth).
   501 | D:1      | 501 ||| Stepping ~*~*~tactically~*~*~ (stealth).
   503 | D:1      | 503 ||| Stepping ~*~*~tactically~*~*~ (stealth).
   511 | D:1      | Reached XP level 3. HP: 19/23 MP: 3/3
   513 | D:1      | 513 ||| Stepping ~*~*~tactically~*~*~ (stealth).
   514 | D:1      | 514 ||| Stepping ~*~*~tactically~*~*~ (stealth).
   685 | D:1      | 685 ||| Stepping ~*~*~tactically~*~*~ (stealth).
   936 | D:1      | 936 ||| READING 2 scrolls labelled XOFYUXE TAPAXUOTT.
   997 | D:2      | 997 ||| STAIRDANCE
  1004 | D:2      | 1004 ||| STAIRDANCE
  1037 | D:2      | Identified the ring of Joy {Wiz MP+9 Int+4 Dex+3}
  1058 | D:2      | 1058 ||| Stepping ~*~*~tactically~*~*~ (stealth).
  1060 | D:2      | 1060 ||| Stepping ~*~*~tactically~*~*~ (stealth).
  1067 | D:2      | Noticed Robin
  1068 | D:2      | 1068 ||| Stepping ~*~*~tactically~*~*~ (stealth).
  1071 | D:2      | Reached XP level 4. HP: 25/28 MP: 4/4
  1116 | D:2      | 1116 ||| Stepping ~*~*~tactically~*~*~ (stealth).
  1136 | D:2      | Reached skill level 4 in Axes
  1136 | D:2      | Killed Robin
  1141 | D:2      | 1141 ||| DROPPING +0 club.
  1295 | D:2      | 1295 ||| Stepping ~*~*~tactically~*~*~ (hiding).
  1430 | D:2      | Noticed Jessica
  1431 | D:2      | 1431 ||| Stepping ~*~*~tactically~*~*~ (hiding).
  1432 | D:2      | 1432 ||| Stepping ~*~*~tactically~*~*~ (hiding).
  1441 | D:2      | 1441 ||| Stepping ~*~*~tactically~*~*~ (hiding).
  1442 | D:2      | 1442 ||| Stepping ~*~*~tactically~*~*~ (hiding).
  1449 | D:2      | 1449 ||| Stepping ~*~*~tactically~*~*~ (hiding).
  1455 | D:2      | Killed Jessica
  1456 | D:2      | Reached XP level 5. HP: 32/32 MP: 5/5
  1724 | D:2      | 1724 ||| UPGRADING to +2 helmet.
  1729 | D:2      | 1729 ||| UPGRADING to ring of Joy {Wiz MP+9 Int+4 Dex+3}.
  1794 | D:2      | 1794 ||| READING scroll labelled HAT SIRATA.
  1795 | D:2      | 1795 ||| DRINKING 3 silvery potions.
  1900 | D:2      | 1900 ||| DROPPING 2 potions of berserk rage.
  1991 | D:3      | Found an ancient bone altar of Kikubaaqudgha.
  1995 | D:3      | 1995 ||| Stepping ~*~*~tactically~*~*~ (stealth).
  2027 | D:3      | Found a runed translucent door.
  2035 | D:3      | Noticed qw's ghost (amateur GrFi)
  2220 | D:3      | Noticed Sigmund
  2221 | D:3      | 2221 ||| Stepping ~*~*~tactically~*~*~ (hiding).
  2239 | D:3      | Killed Sigmund
  2240 | D:3      | Reached skill level 3 in Dodging
  2240 | D:3      | Reached XP level 6. HP: 14/37 MP: 6/6
  2548 | D:3      | Found a broken altar of Ashenzari.
  2550 | D:3      | Identified the ring "Opiz" {rElec rF+ Dex+6 Stlth+}
  2694 | D:3      | 2694 ||| UPGRADING to ring "Opiz" {rElec rF+ Dex+6 Stlth+}.
  2695 | D:3      | 2695 ||| DRINKING 2 bubbling sapphire potions.
  2713 | D:4      | Noticed a sky beast
  2715 | D:4      | 2715 ||| STAIRDANCE
  2759 | D:4      | Killed a sky beast
  2760 | D:4      | Reached skill level 5 in Axes
  2760 | D:4      | 2760 ||| STAIRDANCE
  2844 | D:4      | 2844 ||| Stepping ~*~*~tactically~*~*~ (hiding).
  2946 | D:4      | 2946 ||| Stepping ~*~*~tactically~*~*~ (hiding).
  2962 | D:4      | Found a snail-covered altar of Cheibriados.
  3065 | D:4      | Reached XP level 7. HP: 27/44 MP: 7/7
  3185 | D:4      | 3185 ||| Stepping ~*~*~tactically~*~*~ (stealth).
  3232 | D:4      | Reached skill level 6 in Axes
  3283 | D:4      | 3283 ||| Stepping ~*~*~tactically~*~*~ (stealth).
  3285 | D:4      | 3285 ||| Stepping ~*~*~tactically~*~*~ (stealth).
  3442 | D:4      | 3442 ||| Stepping ~*~*~tactically~*~*~ (stealth).
  3558 | D:4      | 3558 ||| Stepping ~*~*~tactically~*~*~ (stealth).
  3585 | D:4      | 3585 ||| Stepping ~*~*~tactically~*~*~ (stealth).
  3813 | D:4      | 3813 ||| UPGRADING to +0 chain mail.
  3823 | D:4      | 3823 ||| DROPPING +0 scale mail.
  3824 | D:4      | 3824 ||| READING scroll labelled OHECSIANIGAS.
  3849 | D:5      | Entered Level 5 of the Dungeon
  3880 | D:5      | Identified the ring "Guxzipp" {rElec rF+ rC++ Str+6}
  3930 | D:5      | 3930 ||| FLEEEEING.
  3931 | D:5      | 3931 ||| FLEEEEING.
  3934 | D:5      | 3934 ||| FLEEEEING.
  3936 | D:5      | 3936 ||| FLEEEEING.
  3937 | D:5      | 3937 ||| FLEEEEING.
  3938 | D:5      | 3938 ||| FLEEEEING.
  3939 | D:5      | 3939 ||| FLEEEEING.
  3940 | D:5      | 3940 ||| FLEEEEING.
  3941 | D:5      | 3941 ||| FLEEEEING.
  3945 | D:5      | 3945 ||| FLEEEEING.
  3946 | D:5      | 3946 ||| FLEEEEING.
  3947 | D:5      | 3947 ||| FLEEEEING.
  3948 | D:5      | 3948 ||| STAIRDANCE
  3980 | D:4      | 3980 ||| UPGRADING to ring "Guxzipp" {rElec rF+ rC++
                  | Str+6}.
  3982 | D:4      | 3982 ||| DROPPING ring of Joy {Wiz MP+9 Int+4 Dex+3}.
  3983 | D:4      | 3983 ||| DRINKING 2 green potions.
  3984 | D:4      | 3984 ||| DROPPING potion of brilliance.
  4013 | D:5      | 4013 ||| DROPPING +0 whip.
  4025 | D:5      | Found a burning altar of Makhleb.
  4037 | D:5      | Reached XP level 8. HP: 46/48 MP: 8/8
  4141 | D:5      | 4141 ||| Stepping ~*~*~tactically~*~*~ (hiding).
  4151 | D:5      | 4151 ||| Stepping ~*~*~tactically~*~*~ (hiding).
  4158 | D:5      | Reached skill level 7 in Axes
  4163 | D:5      | HP: 8/48 [orc priest/divine providence (12)]
  4164 | D:5      | 4164 ||| DRINKING potion of heal wounds.
  4707 | D:5      | 4707 ||| Stepping ~*~*~tactically~*~*~ (hiding).
  4709 | D:5      | 4709 ||| Stepping ~*~*~tactically~*~*~ (hiding).
  4713 | D:5      | 4713 ||| Stepping ~*~*~tactically~*~*~ (stealth).
  4827 | D:5      | Found a blossoming altar of Fedhas.
  4954 | D:5      | 4954 ||| READING 2 scrolls labelled ARREROGIREGH.
  4955 | D:5      | 4955 ||| READING scroll labelled SOV XE KUFYEM.
  4956 | D:5      | 4956 ||| DROPPING scroll of amnesia.
  5154 | D:6      | 5154 ||| Stepping ~*~*~tactically~*~*~ (hiding).
  5155 | D:6      | 5155 ||| Stepping ~*~*~tactically~*~*~ (hiding).
  5157 | D:6      | 5157 ||| Stepping ~*~*~tactically~*~*~ (hiding).
  5164 | D:6      | Reached skill level 8 in Axes
  5321 | D:6      | Reached skill level 6 in Fighting
  5374 | D:6      | 5374 ||| Stepping ~*~*~tactically~*~*~ (stealth).
  5376 | D:6      | 5376 ||| Stepping ~*~*~tactically~*~*~ (hiding).
  5377 | D:6      | 5377 ||| Stepping ~*~*~tactically~*~*~ (hiding).
  5379 | D:6      | 5379 ||| Stepping ~*~*~tactically~*~*~ (hiding).
  5503 | D:6      | Noticed Grinder
  5504 | D:6      | 5504 ||| Stepping ~*~*~tactically~*~*~ (hiding).
  5517 | D:6      | Killed Grinder
  5561 | D:6      | Reached XP level 9. HP: 48/55 MP: 9/9
  5573 | D:6      | Reached skill level 9 in Axes
  5909 | D:6      | Found an opulent altar of Gozag.
  5945 | D:6      | Found a runed translucent gate.
  5945 | D:6      | Identified the +6 chain mail "Buics" {Will+ rCorr Int-5
                  | Stlth+}
  5945 | D:6      | Noticed qw's ghost (novice GrFi)
  5946 | D:6      | Found a runed translucent gate.
  5947 | D:6      | Found a runed translucent gate.
  6245 | D:6      | 6245 ||| DROPPING +1 hat.
  6246 | D:6      | 6246 ||| UPGRADING to +0 plate armour.
  6256 | D:6      | 6256 ||| DROPPING +0 chain mail.
  6257 | D:6      | 6257 ||| READING scroll of enchant armour.
  6257 | D:6      | 6257 ||| ENCHANTING +0 plate armour.
  6258 | D:6      | 6258 ||| READING scroll labelled BELYGI FUUGAOTS.
  6259 | D:6      | 6259 ||| READING scroll labelled ILU OWNIUCLIDGH.
  6353 | D:7      | Found Faifruaq's Antique Weapon Shop.
  6463 | D:7      | 6463 ||| SWAPPING to +3 war axe.
  6464 | D:7      | 6464 ||| DROPPING +0 war axe.
  6582 | D:7      | Found a staircase to the Ecumenical Temple.
  6583 | D:7      | 6583 ||| PLANNING TEMPLE
  6583 | D:7      | 6583 ||| DRINKING 2 dark potions.
  6584 | D:7      | 6584 ||| DRINKING 2 bubbling white potions.
  6617 | Temple   | Entered the Ecumenical Temple
  6669 | Temple   | 6669 ||| PLANNING OKAWARU WORSHIP
  6689 | Temple   | Became a worshipper of Warmaster Okawaru
  6690 | Temple   | 6690 ||| PLANNING D:1-11
  6765 | D:7      | Found a stormy altar of Qazlal.
  6771 | D:7      | Found a glowing golden altar of the Shining One.
  6771 | D:7      | Found a white marble altar of Elyvilon.
  6782 | D:7      | Found a shadowy altar of Dithmenos.
  6785 | D:7      | Found a glowing silver altar of Zin.
  7049 | D:7      | 7049 ||| Stepping ~*~*~tactically~*~*~ (stealth).
  7167 | D:7      | 7167 ||| DRINKING 2 orange potions.
  7168 | D:7      | 7168 ||| DRINKING 2 viscous purple potions.
  7169 | D:7      | 7169 ||| DROPPING potion of invisibility.
  7170 | D:7      | 7170 ||| DROPPING potion of degeneration.
  7219 | D:8      | 7219 ||| PLANNING OSSUARY
  7232 | D:8      | 7232 ||| Stepping ~*~*~tactically~*~*~ (stealth).
  7245 | D:8      | Reached * piety under Okawaru
  7256 | D:8      | Reached skill level 1 in Invocations
  7264 | D:8      | 7264 ||| INVOKING Heroism.
  7416 | D:8      | You fall into a shaft and drop 1 floor!
  7420 | D:9      | 7420 ||| Stepping ~*~*~tactically~*~*~ (stealth).
  7427 | D:9      | 7427 ||| INVOKING Heroism.
  7434 | D:9      | Reached skill level 10 in Axes
  7434 | D:9      | Reached XP level 10. HP: 46/63 MP: 8/12
  7577 | D:9      | 7577 ||| INVOKING Heroism.
  7580 | D:9      | 7580 ||| STAIRDANCE
  7644 | D:8      | 7644 ||| Stepping ~*~*~tactically~*~*~ (hiding).
  7650 | D:8      | Reached skill level 6 in Armour
  7753 | D:8      | 7753 ||| Stepping ~*~*~tactically~*~*~ (stealth).
  7756 | D:8      | 7756 ||| Stepping ~*~*~tactically~*~*~ (stealth).
  7882 | D:8      | Found a glowing golden altar of the Shining One.
  7887 | D:8      | 7887 ||| INVOKING Heroism.
  7959 | D:8      | 7959 ||| READING scroll of enchant armour.
  7959 | D:8      | 7959 ||| ENCHANTING +1 plate armour.
  7976 | D:8      | 7976 ||| RIP OSSUARY
  7987 | D:8      | Found a blossoming altar of Fedhas.
  7988 | D:8      | 7988 ||| PLANNING D:1-11
  7991 | D:8      | 7991 ||| Stepping ~*~*~tactically~*~*~ (hiding).
  7993 | D:8      | 7993 ||| INVOKING Heroism.
  8061 | D:8      | Noticed a two-headed ogre
  8062 | D:8      | 8062 ||| INVOKING Heroism.
  8063 | D:8      | Noticed a manticore
  8092 | D:8      | Killed a two-headed ogre
  8092 | D:8      | Reached ** piety under Okawaru
  8094 | D:8      | 8094 ||| INVOKING Heroism.
  8101 | D:8      | HP: 15/65 [manticore (6)]
  8102 | D:8      | 8102 ||| READING 2 scrolls of teleportation.
  8413 | D:8      | 8413 ||| Stepping ~*~*~tactically~*~*~ (stealth).
  8434 | D:8      | 8434 ||| Stepping ~*~*~tactically~*~*~ (stealth).
  8443 | D:8      | 8443 ||| Stepping ~*~*~tactically~*~*~ (hiding).
  8448 | D:8      | 8448 ||| INVOKING Heroism.
  8451 | D:8      | 8451 ||| Stepping ~*~*~tactically~*~*~ (hiding).
  8457 | D:8      | Killed a manticore
  8647 | D:8      | 8647 ||| INVOKING Heroism.
  8724 | D:8      | 8724 ||| Stepping ~*~*~tactically~*~*~ (hiding).
  8725 | D:8      | 8725 ||| Stepping ~*~*~tactically~*~*~ (stealth).
  8727 | D:8      | 8727 ||| INVOKING Heroism.
  8735 | D:8      | 8735 ||| DRINKING 2 potions of curing.
  8735 | D:8      | 8735 ||| (to cure confusion)
  8781 | D:8      | Found a staircase to the Lair.
  8798 | D:8      | Reached *** piety under Okawaru
  8799 | D:8      | Reached skill level 11 in Axes
  8965 | D:8      | 8965 ||| PLANNING LAIR
  8965 | D:8      | 8965 ||| DROPPING ring of magical power.
  8966 | D:8      | 8966 ||| READING scroll labelled NUK IK FAACH.
  8967 | D:8      | 8967 ||| READING scroll labelled COCZUESCHIG.
  8968 | D:8      | 8968 ||| DRINKING 2 glowing emerald potions.
  8971 | D:8      | 8971 ||| Stepping ~*~*~tactically~*~*~ (stealth).
  8974 | D:8      | 8974 ||| Stepping ~*~*~tactically~*~*~ (hiding).
  9161 | Lair:1   | Entered Level 1 of the Lair of Beasts
  9169 | Lair:1   | Reached skill level 1 in Throwing
  9169 | Lair:1   | Reached XP level 11. HP: 69/69 MP: 14/14
  9190 | Lair:1   | 9190 ||| INVOKING Heroism.
  9234 | Lair:1   | 9234 ||| INVOKING Heroism.
  9246 | Lair:1   | Reached skill level 9 in Fighting
  9378 | Lair:1   | 9378 ||| INVOKING Heroism.
  9566 | Lair:1   | 9566 ||| INVOKING Heroism.
  9610 | Lair:1   | 9610 ||| INVOKING Heroism.
  9705 | Lair:1   | 9705 ||| INVOKING Heroism.
  9804 | Lair:1   | 9804 ||| INVOKING Heroism.
  9841 | Lair:1   | Found a runed translucent gate.
  9841 | Lair:1   | Found a runed translucent gate.
  9841 | Lair:1   | Found a runed translucent gate.
  9846 | Lair:1   | Noticed qw's ghost (journeyman GrFi)
  9864 | Lair:1   | Reached **** piety under Okawaru
  9868 | Lair:1   | 9868 ||| INVOKING Heroism.
  9879 | Lair:1   | Reached skill level 12 in Axes
  9882 | Lair:1   | Reached skill level 6 in Shields
 10093 | Lair:1   | 10093 ||| READING 2 scrolls of identify.
 10093 | Lair:1   | 10093 ||| IDENTIFYING fizzy clear potion
 10125 | Lair:2   | Found a hole to the Spider Nest.
 10133 | Lair:2   | 10133 ||| FLEEEEING.
 10134 | Lair:2   | 10134 ||| FLEEEEING.
 10135 | Lair:2   | 10135 ||| FLEEEEING.
 10136 | Lair:2   | 10136 ||| STAIRDANCE
 10278 | Lair:2   | 10278 ||| INVOKING Heroism.
 10377 | Lair:2   | 10377 ||| FLEEEEING.
 10378 | Lair:2   | 10378 ||| FLEEEEING.
 10379 | Lair:2   | 10379 ||| FLEEEEING.
 10380 | Lair:2   | 10380 ||| FLEEEEING.
 10381 | Lair:2   | 10381 ||| FLEEEEING.
 10382 | Lair:2   | 10382 ||| FLEEEEING.
 10383 | Lair:2   | 10383 ||| FLEEEEING.
 10384 | Lair:2   | 10384 ||| FLEEEEING.
 10385 | Lair:2   | 10385 ||| FLEEEEING.
 10386 | Lair:2   | 10386 ||| FLEEEEING.
 10387 | Lair:2   | 10387 ||| FLEEEEING.
 10388 | Lair:2   | 10388 ||| FLEEEEING.
 10389 | Lair:2   | 10389 ||| FLEEEEING.
 10390 | Lair:2   | 10390 ||| FLEEEEING.
 10391 | Lair:2   | 10391 ||| FLEEEEING.
 10392 | Lair:2   | 10392 ||| FLEEEEING.
 10393 | Lair:2   | 10393 ||| FLEEEEING.
 10394 | Lair:2   | 10394 ||| FLEEEEING.
 10395 | Lair:2   | 10395 ||| FLEEEEING.
 10396 | Lair:2   | 10396 ||| STAIRDANCE
 10552 | Lair:2   | 10552 ||| INVOKING Heroism.
 10615 | Lair:2   | 10615 ||| FLEEEEING.
 10616 | Lair:2   | 10616 ||| FLEEEEING.
 10617 | Lair:2   | 10617 ||| FLEEEEING.
 10618 | Lair:2   | 10618 ||| FLEEEEING.
 10619 | Lair:2   | 10619 ||| FLEEEEING.
 10620 | Lair:2   | 10620 ||| FLEEEEING.
 10634 | Lair:2   | 10634 ||| INVOKING Heroism.
 10660 | Lair:2   | 10660 ||| INVOKING Heroism.
 10712 | Lair:2   | Noticed a catoblepas
 10713 | Lair:2   | 10713 ||| INVOKING Heroism.
 10732 | Lair:2   | Killed a catoblepas
 10733 | Lair:2   | Reached skill level 6 in Invocations
 10949 | Lair:2   | Noticed a boulder beetle
 10950 | Lair:2   | 10950 ||| Stepping ~*~*~tactically~*~*~ (stealth).
 10951 | Lair:2   | 10951 ||| INVOKING Heroism.
 10953 | Lair:2   | 10953 ||| Stepping ~*~*~tactically~*~*~ (stealth).
 10974 | Lair:2   | Reached ***** piety under Okawaru
 10975 | Lair:2   | Reached XP level 12. HP: 59/77 MP: 16/16
 10975 | Lair:2   | 10975 ||| INVOKING Finesse.
 10983 | Lair:2   | 10983 ||| INVOKING Heroism.
 10992 | Lair:2   | Killed a boulder beetle
 11063 | Lair:2   | 11063 ||| INVOKING Heroism.
 11311 | Lair:2   | 11311 ||| Stepping ~*~*~tactically~*~*~ (stealth).
 11313 | Lair:2   | 11313 ||| Stepping ~*~*~tactically~*~*~ (stealth).
 11315 | Lair:2   | 11315 ||| Stepping ~*~*~tactically~*~*~ (stealth).
 11316 | Lair:2   | 11316 ||| INVOKING Heroism.
 11496 | Lair:2   | 11496 ||| INVOKING Heroism.
 11556 | Lair:2   | 11556 ||| Stepping ~*~*~tactically~*~*~ (hiding).
 11566 | Lair:2   | 11566 ||| INVOKING Heroism.
 11912 | Lair:2   | 11912 ||| UPGRADING to +0 cloak.
 11917 | Lair:2   | 11917 ||| READING 3 scrolls of identify.
 11917 | Lair:2   | 11917 ||| IDENTIFYING emerald potion
 11918 | Lair:2   | 11918 ||| READING 2 scrolls of identify.
 11918 | Lair:2   | 11918 ||| IDENTIFYING ruby potion
 11949 | Lair:3   | 11949 ||| PLANNING GAUNTLET
 11955 | Lair:3   | Found a staircase to the Swamp.
 11956 | Lair:3   | 11956 ||| INVOKING Heroism.
 11958 | Lair:3   | 11958 ||| Stepping ~*~*~tactically~*~*~ (water).
 11990 | Lair:3   | 11990 ||| INVOKING Heroism.
 12028 | Lair:3   | 12028 ||| FLEEEEING.
 12029 | Lair:3   | 12029 ||| FLEEEEING.
 12033 | Lair:3   | 12033 ||| STAIRDANCE
 12281 | Lair:3   | 12281 ||| Stepping ~*~*~tactically~*~*~ (hiding).
 12422 | Lair:3   | 12422 ||| Stepping ~*~*~tactically~*~*~ (stealth).
 12432 | Lair:3   | 12432 ||| Stepping ~*~*~tactically~*~*~ (stealth).
 12436 | Lair:3   | Noticed Sonja
 12437 | Lair:3   | 12437 ||| INVOKING Finesse.
 12438 | Lair:3   | 12438 ||| Stepping ~*~*~tactically~*~*~ (stealth).
 12439 | Lair:3   | 12439 ||| Stepping ~*~*~tactically~*~*~ (stealth).
 12440 | Lair:3   | 12440 ||| INVOKING Heroism.
 12460 | Lair:3   | Reached skill level 9 in Invocations
 12468 | Lair:3   | Killed Sonja
 12475 | Lair:3   | 12475 ||| RIP GAUNTLET
 12483 | Lair:3   | 12483 ||| PLANNING LAIR
 12553 | Lair:3   | 12553 ||| INVOKING Heroism.
 12558 | Lair:3   | 12558 ||| Stepping ~*~*~tactically~*~*~ (stealth).
 12566 | Lair:3   | 12566 ||| Stepping ~*~*~tactically~*~*~ (stealth).
 12568 | Lair:3   | Received a gift from Okawaru
 12568 | Lair:3   | Found the +6 Majin-Bo {vamp, MP+6 Int+6}
 12572 | Lair:3   | Reached skill level 13 in Axes
 12731 | Lair:3   | Identified the +2 leather armour of Sif Muna's Generosity
                  | {rN++ Str+9}
 13159 | Lair:3   | 13159 ||| DROPPING +6 ring of intelligence.
 13160 | Lair:3   | 13160 ||| READING 3 scrolls of identify.
 13160 | Lair:3   | 13160 ||| IDENTIFYING glowing sapphire potion
 13161 | Lair:3   | 13161 ||| DROPPING potion of flight.
 13189 | Lair:4   | 13189 ||| INVOKING Heroism.
 13313 | Lair:4   | Noticed a catoblepas
 13314 | Lair:4   | 13314 ||| INVOKING Heroism.
 13315 | Lair:4   | 13315 ||| INVOKING Finesse.
 13325 | Lair:4   | Killed a catoblepas
 13385 | Lair:4   | Noticed an eight-headed hydra
 13386 | Lair:4   | 13386 ||| INVOKING Heroism.
 13387 | Lair:4   | 13387 ||| INVOKING Finesse.
 13389 | Lair:4   | 13389 ||| SWAPPING to +0 morningstar.
 13398 | Lair:4   | Killed an eight-headed hydra
 13399 | Lair:4   | 13399 ||| SWAPPING to +3 war axe.
 13619 | Lair:4   | Noticed a death yak
 13619 | Lair:4   | Noticed a death yak
 13620 | Lair:4   | 13620 ||| INVOKING Heroism.
 13621 | Lair:4   | 13621 ||| INVOKING Finesse.
 13621 | Lair:4   | Noticed a death yak
 13623 | Lair:4   | Noticed a death yak
 13639 | Lair:4   | Killed a death yak
 13640 | Lair:4   | Reached skill level 9 in Armour
 13642 | Lair:4   | Killed a death yak
 13643 | Lair:4   | Reached XP level 13. HP: 38/82 MP: 14/20
 13917 | Lair:4   | 13917 ||| Stepping ~*~*~tactically~*~*~ (stealth).
 13932 | Lair:4   | 13932 ||| INVOKING Heroism.
 14394 | Lair:4   | 14394 ||| INVOKING Heroism.
 14707 | Lair:4   | 14707 ||| DROPPING +0 chain mail of willpower.
 14708 | Lair:4   | 14708 ||| UPGRADING to amulet of the acrobat.
 14713 | Lair:4   | 14713 ||| READING scroll labelled NUEMOKU GUOV.
 14714 | Lair:4   | 14714 ||| READING scroll labelled IHYLO AFORE.
 14727 | Lair:5   | Entered Level 5 of the Lair of Beasts
 14728 | Lair:5   | 14728 ||| STAIRDANCE
 14732 | Lair:5   | 14732 ||| STAIRDANCE
 14734 | Lair:4   | 14734 ||| INVOKING Heroism.
 14739 | Lair:4   | HP: 18/82 [yak (9)]
 14740 | Lair:4   | Reached skill level 14 in Axes
 14740 | Lair:4   | 14740 ||| READING 2 scrolls of teleportation.
 14741 | Lair:4   | 14741 ||| DRINKING 2 potions of heal wounds.
 14954 | Lair:5   | 14954 ||| INVOKING Heroism.
 14955 | Lair:5   | 14955 ||| INVOKING Finesse.
 14957 | Lair:5   | 14957 ||| SWAPPING to +0 morningstar.
 14966 | Lair:5   | 14966 ||| SWAPPING to +3 war axe.
 15021 | Lair:5   | 15021 ||| Stepping ~*~*~tactically~*~*~ (stealth).
 15072 | Lair:5   | 15072 ||| INVOKING Heroism.
 15092 | Lair:5   | 15092 ||| Stepping ~*~*~tactically~*~*~ (stealth).
 15126 | Lair:5   | 15126 ||| Stepping ~*~*~tactically~*~*~ (stealth).
 15127 | Lair:5   | 15127 ||| Stepping ~*~*~tactically~*~*~ (stealth).
 15129 | Lair:5   | 15129 ||| Stepping ~*~*~tactically~*~*~ (stealth).
 15206 | Lair:5   | 15206 ||| Stepping ~*~*~tactically~*~*~ (stealth).
 15208 | Lair:5   | 15208 ||| Stepping ~*~*~tactically~*~*~ (stealth).
 15209 | Lair:5   | 15209 ||| INVOKING Heroism.
 15212 | Lair:5   | 15212 ||| Stepping ~*~*~tactically~*~*~ (stealth).
 15216 | Lair:5   | 15216 ||| Stepping ~*~*~tactically~*~*~ (stealth).
 15242 | Lair:5   | Received a gift from Okawaru
 15257 | Lair:5   | 15257 ||| Stepping ~*~*~tactically~*~*~ (stealth).
 15268 | Lair:5   | 15268 ||| INVOKING Heroism.
 15288 | Lair:5   | 15288 ||| INVOKING Heroism.
 15326 | Lair:5   | 15326 ||| FLEEEEING.
 15381 | Lair:5   | 15381 ||| INVOKING Heroism.
 15405 | Lair:5   | 15405 ||| INVOKING Heroism.
 15441 | Lair:5   | 15441 ||| INVOKING Finesse.
 15443 | Lair:5   | 15443 ||| SWAPPING to +0 morningstar.
 15450 | Lair:5   | 15450 ||| INVOKING Heroism.
 15452 | Lair:5   | 15452 ||| SWAPPING to +3 war axe.
 15505 | Lair:5   | 15505 ||| INVOKING Heroism.
 15588 | Lair:5   | 15588 ||| INVOKING Heroism.
 15589 | Lair:5   | 15589 ||| INVOKING Finesse.
 15591 | Lair:5   | 15591 ||| SWAPPING to +0 morningstar.
 15602 | Lair:5   | 15602 ||| SWAPPING to +3 war axe.
 15682 | Lair:5   | 15682 ||| Stepping ~*~*~tactically~*~*~ (stealth).
 15683 | Lair:5   | 15683 ||| Stepping ~*~*~tactically~*~*~ (stealth).
 15687 | Lair:5   | 15687 ||| INVOKING Heroism.
 15854 | Lair:5   | 15854 ||| Stepping ~*~*~tactically~*~*~ (stealth).
 15855 | Lair:5   | 15855 ||| INVOKING Heroism.
 15896 | Lair:5   | 15896 ||| INVOKING Finesse.
 15898 | Lair:5   | 15898 ||| SWAPPING to +0 morningstar.
 15905 | Lair:5   | 15905 ||| SWAPPING to +3 war axe.
 15945 | Lair:5   | Found a runed translucent door.
 15946 | Lair:5   | Found a viscous altar of Jiyva.
 15948 | Lair:5   | Found a staircase to the Slime Pits.
 15948 | Lair:5   | Noticed an acid blob
 15949 | Lair:5   | Noticed an acid blob
 15996 | Lair:5   | 15996 ||| INVOKING Heroism.
 16004 | Lair:5   | Reached skill level 15 in Axes
 16004 | Lair:5   | Gained mutation: Your large and strong wings let you fly.
                  | [Gargoyle growth]
 16004 | Lair:5   | Reached XP level 14. HP: 90/90 MP: 19/21
 16032 | Lair:5   | 16032 ||| Stepping ~*~*~tactically~*~*~ (stealth).
 16042 | Lair:5   | 16042 ||| INVOKING Heroism.
 16065 | Lair:5   | Received a gift from Okawaru
 16065 | Lair:5   | Found the +7 Kryia's mail coat {PotionHeal*2 rC+}
 16305 | Lair:5   | 16305 ||| INVOKING Heroism.
 16366 | Lair:5   | 16366 ||| Stepping ~*~*~tactically~*~*~ (stealth).
 16370 | Lair:5   | 16370 ||| INVOKING Heroism.
 16515 | Lair:5   | 16515 ||| PLANNING D:1-11
 16515 | Lair:5   | 16515 ||| DROPPING ring of flight.
 16516 | Lair:5   | 16516 ||| READING 2 scrolls labelled WAUSEPH ITYOBU.
 16517 | Lair:5   | 16517 ||| READING 6 scrolls of identify.
 16517 | Lair:5   | 16517 ||| IDENTIFYING smoky golden potion
 16518 | Lair:5   | 16518 ||| DROPPING scroll of summoning.
 16694 | D:9      | 16694 ||| Stepping ~*~*~tactically~*~*~ (stealth).
 16700 | D:9      | 16700 ||| Stepping ~*~*~tactically~*~*~ (stealth).
 16702 | D:9      | 16702 ||| Stepping ~*~*~tactically~*~*~ (stealth).
 16703 | D:9      | 16703 ||| Stepping ~*~*~tactically~*~*~ (stealth).
 16707 | D:9      | 16707 ||| Stepping ~*~*~tactically~*~*~ (stealth).
 16742 | D:9      | 16742 ||| Stepping ~*~*~tactically~*~*~ (stealth).
 16749 | D:9      | 16749 ||| INVOKING Heroism.
 16832 | D:9      | 16832 ||| INVOKING Heroism.
 16840 | D:9      | Noticed Pikel
 16841 | D:9      | 16841 ||| Stepping ~*~*~tactically~*~*~ (stealth).
 16842 | D:9      | 16842 ||| Stepping ~*~*~tactically~*~*~ (stealth).
 16854 | D:9      | Killed Pikel
 16855 | D:9      | Reached skill level 12 in Fighting
 16928 | D:9      | Found a sparkling altar of Nemelex Xobeh.
 17075 | D:9      | 17075 ||| Stepping ~*~*~tactically~*~*~ (stealth).
 17079 | D:9      | 17079 ||| INVOKING Heroism.
 17159 | D:9      | Found a hide-covered altar of Uskayaw.
 17162 | D:9      | 17162 ||| Stepping ~*~*~tactically~*~*~ (hiding).
 17163 | D:9      | 17163 ||| Stepping ~*~*~tactically~*~*~ (hiding).
 17175 | D:9      | 17175 ||| INVOKING Heroism.
 17181 | D:9      | 17181 ||| Stepping ~*~*~tactically~*~*~ (stealth).
 17185 | D:9      | 17185 ||| Stepping ~*~*~tactically~*~*~ (stealth).
 17186 | D:9      | 17186 ||| Stepping ~*~*~tactically~*~*~ (stealth).
 17187 | D:9      | 17187 ||| Stepping ~*~*~tactically~*~*~ (stealth).
 17188 | D:9      | 17188 ||| INVOKING Heroism.
 17354 | D:9      | 17354 ||| Stepping ~*~*~tactically~*~*~ (hiding).
 17355 | D:9      | 17355 ||| Stepping ~*~*~tactically~*~*~ (hiding).
 17356 | D:9      | 17356 ||| Stepping ~*~*~tactically~*~*~ (hiding).
 17406 | D:9      | Identified the +1 pair of boots "Acsuc Xoj" {rPois rN+
                  | Str+3}
 17446 | D:9      | Identified the +1 great mace of Gevo {freeze, rC+}
 17543 | D:9      | 17543 ||| UPGRADING to +1 pair of boots "Acsuc Xoj" {rPois
                  | rN+ Str+3}.
 17603 | D:10     | Entered Level 10 of the Dungeon
 17742 | D:10     | 17742 ||| INVOKING Heroism.
 18312 | D:10     | Noticed Urug
 18313 | D:10     | 18313 ||| INVOKING Heroism.
 18326 | D:10     | Killed Urug
 18542 | D:10     | 18542 ||| INVOKING Heroism.
 18646 | D:11     | 18646 ||| Stepping ~*~*~tactically~*~*~ (stealth).
 18648 | D:11     | 18648 ||| Stepping ~*~*~tactically~*~*~ (stealth).
 18666 | D:11     | 18666 ||| INVOKING Heroism.
 18673 | D:11     | Found a staircase to the Orcish Mines.
 18675 | D:11     | 18675 ||| Stepping ~*~*~tactically~*~*~ (hiding).
 18676 | D:11     | 18676 ||| Stepping ~*~*~tactically~*~*~ (hiding).
 18677 | D:11     | 18677 ||| Stepping ~*~*~tactically~*~*~ (hiding).
 18678 | D:11     | 18678 ||| Stepping ~*~*~tactically~*~*~ (hiding).
 18701 | D:11     | 18701 ||| INVOKING Heroism.
 18764 | D:11     | 18764 ||| INVOKING Heroism.
 18812 | D:11     | 18812 ||| Stepping ~*~*~tactically~*~*~ (hiding).
 18821 | D:11     | 18821 ||| Stepping ~*~*~tactically~*~*~ (hiding).
 19046 | D:11     | 19046 ||| READING scroll of enchant armour.
 19046 | D:11     | 19046 ||| ENCHANTING +0 cloak.
 19092 | D:11     | 19092 ||| Stepping ~*~*~tactically~*~*~ (stealth).
 19100 | D:11     | Reached skill level 3 in Throwing
 19394 | D:11     | 19394 ||| INVOKING Heroism.
 19980 | D:11     | 19980 ||| PLANNING D
 19980 | D:11     | 19980 ||| UPGRADING to +2 cloak.
 19990 | D:11     | 19990 ||| DROPPING +1 cloak.
 19991 | D:11     | 19991 ||| DROPPING orb of mayhem.
 20122 | D:12     | 20122 ||| INVOKING Heroism.
 20194 | D:12     | 20194 ||| INVOKING Heroism.
 20205 | D:12     | 20205 ||| READING 4 scrolls of teleportation.
 20209 | D:12     | HP: 3/92 [titanic slime creature (82)]
 20209 | D:12     | Slain by a slime creature

Levels and vault maps discovered:
D:1:      tarquinn_simple_flora_water_b, layout_rooms, basic_ecumenical_altar,
          hex_intersection, chequers_serial_rivers_micro_d
D:2:      layout_rooms, uniq_robin, uniq_jessica
D:3:      layout_basic, kiku_gazebo_garden_becter, cheibrodos_ashenzari_chains,
          ebering_ghost_sewer_d, uniq_sigmund
D:4:      layout_cave_pools, kennysheep_slug_shrine, serial_undead,
          serial_undead_a, serial_undead_e, serial_undead_e, serial_undead_c,
          serial_undead_d, serial_undead_b, serial_undead_e, serial_undead_a
D:5:      layout_loops_cross, mainiacjoe_overflow_brackets, fedhas_altar_4
D:6:      layout_gridville, mainiacjoe_overflow_six_doors_small,
          biasface_ghost_orc_armoury, uniq_grinder
D:7:      layout_cave_pods, minmay_overflow_temple_star_hex,
          minmay_temple_entry_stoned_glass, serial_shops,
          nicolae_shop_behind_doors
D:8:      layout_loops_ring, erik_lair_dragon, nicolae_ossuary_entry_ruins,
          nicolae_eternal_life, hangedman_feature_mirror, minmay_manual_mess
D:9:      layout_stronghold, nemelex_altar_shiori,
          nicolae_uskayaw_murder_on_the_dancefloor, uniq_pikel
D:10:     layout_loops_ring, enter_bailey_7, uniq_urug
D:11:     layout_irregular_city, zombieorc2_lemuel
D:12:     layout_big_octagon
Temple:   dpeg_three_leaves_temple
Lair:1:   layout_roguey, gammafunk_ghost_necromancy, minmay_holes
Lair:2:   beast_lair_carwin_large_1, layout_gridlike,
          nicolae_spider_entry_tight_spaces
Lair:3:   layout_loops_ring, minmay_swamp_entry_swarm, gauntlet_entry_generic,
          infiniplex_staircase_pool, uniq_sonja
Lair:4:   layout_cave_pods, serial_bayou_pond_a
Lair:5:   minmay_lair_end_frog_pond, layout_concentric_octagons, slime_entry_2,
          st_stairs_3, gammafunk_lair_bear_cave

Skill      XL: |  1  2  3  4  5  6  7  8  9 10 11 12 13 14 |
---------------+-------------------------------------------+-----
Axes           | 2 3 4 5 6 8 10 11 12 13 15 | 15.2
Dodging        | 3 4 |  4.0
Fighting       | 4 6 7 8 9 10 11 12 | 12.0
Armour         | 5 6 8 9 10 | 10.5
Shields        | 4 5 6 7 |  7.3
Invocations    | 2 4 6 10 | 10.1
Throwing       | 1 5 |  5.0

Action                   |  1- 3 |  4- 6 |  7- 9 | 10-12 | 13-15 || total
-------------------------+-------+-------+-------+-------+-------++-------
Melee: War axe           |    82 |   137 |   356 |   513 |   638 ||  1726
       Morningstar       |       |       |       |     7 |    27 ||    34
Throw: Boomerang         |       |       |       |    62 |     4 ||    66
       Javelin           |       |       |       |       |    46 ||    46
Invok: Heroism           |       |       |     2 |    35 |    33 ||    70
       Finesse           |       |       |       |     5 |     4 ||     9
  Use: Scroll            |     1 |     1 |     6 |     8 |     7 ||    23
       Potion            |       |     2 |     6 |     2 |     1 ||    11
 Stab: Sleeping          |       |     1 |       |       |       ||     1
Armor: Scale mail        |    50 |    67 |    54 |       |       ||   171
       Chain mail        |       |       |    69 |       |       ||    69
       Plate armour      |       |       |    54 |   257 |   296 ||   607
Dodge: Dodged            |    40 |    63 |   115 |   154 |   242 ||   614
Block: Buckler           |    19 |    23 |    72 |   133 |   177 ||   424

Table legend:
 A = Non-vault XP
 B = Vault XP
 C = Vault XP percentage of total XP
 D = Non-vault monster count
 E = Vault monster count
 F = Vault count percentage of total count
                 A         B        C        D         E       F
            +---------+---------+-------+---------+---------+-------
      Total |   50348 |   22541 |  30.9 |     354 |     148 |  29.5
            +---------+---------+-------+---------+---------+-------
        D:1 |      59 |       0 |   0.0 |      32 |       0 |   0.0
        D:2 |      36 |      72 |  66.7 |      12 |      12 |  50.0
        D:3 |      36 |     231 |  86.5 |      19 |       1 |   5.0
        D:4 |     168 |     525 |  75.8 |      11 |      16 |  59.3
        D:5 |     477 |       0 |   0.0 |      22 |       0 |   0.0
        D:6 |     947 |     254 |  21.1 |      21 |       1 |   4.5
        D:7 |     867 |       0 |   0.0 |      19 |       0 |   0.0
        D:8 |    1432 |    3240 |  69.3 |      15 |      15 |  50.0
        D:9 |    4212 |     641 |  13.2 |      39 |       1 |   2.5
       D:10 |    2154 |     842 |  28.1 |      18 |       5 |  21.7
       D:11 |    5171 |     721 |  12.2 |      26 |      36 |  58.1
       D:12 |    2182 |       0 |   0.0 |      10 |       0 |   0.0
     Lair:1 |    4917 |       0 |   0.0 |      18 |       0 |   0.0
     Lair:2 |    4797 |    3422 |  41.6 |      18 |      16 |  47.1
     Lair:3 |    4619 |    1836 |  28.4 |      23 |       7 |  23.3
     Lair:4 |    8984 |     177 |   1.9 |      19 |       1 |   5.0
     Lair:5 |    9290 |   10580 |  53.2 |      32 |      37 |  53.6
            +---------+---------+-------+---------+---------+-------
